 Dungeon Crawl Stone Soup version 0.27.0-1-g7a089689b8 (webtiles) character file.

Game seed: 9556043525251169762

113428 robertstho the Brawler (level 16, 0/143 HPs)
             Began as a Ghoul Gladiator on Aug 6, 2021.
             Was a High Priest of Nemelex Xobeh.
             Slain by a thorn hunter (16 damage)
             ... on level 2 of the Swamp.
             The game lasted 00:51:33 (37868 turns).

robertstho the Brawler (Ghoul Gladiator)           Turns: 37868, Time: 00:51:34

Health: 0/143      AC: 26    Str: 25    XL:     16   Next: 63%
Magic:  23/23      EV: 10    Int:  5    God:    Nemelex Xobeh [*****.]
Gold:   831        SH: 13    Dex: 10    Spells: 15/15 levels left

rFire    x . .     SeeInvis .   O - +8 spear of Rubbish {freeze, rElec rPois}
rCold    + . .     Faith    .   y - +2 buckler
rNeg     + + +     Spirit   .   L - +2 chain mail of Tulips {rF- rN+ Str+2}
rPois    ∞         Reflect  +   k - +1 helmet
rElec    +         Harm     .   V - +0 cloak {rCorr}
rCorr    +         Rampage  .   (no gloves)
Will     +....                  E - +0 pair of boots
Stlth    ..........             x - amulet of reflection
HPRegen  0.00/turn              p - +4 ring of protection
MPRegen  0.18/turn              C - +4 ring of protection

@: inhibited regen, hasted, very quick
A: claws 1, cold resistance 1, negative energy resistance 3, inhibited
regeneration, torment resistance 2
a: Renounce Religion, Draw Escape, Draw Destruction, Draw Summoning, Triple
Draw, Deal Four, Stack Five


You were on level 2 of the Swamp.
You worshipped Nemelex Xobeh.
Nemelex Xobeh was extremely pleased with you.
You visited 6 branches of the dungeon, and saw 27 of its levels.
You also visited: Volcano.

You collected 2274 gold pieces.
You spent 1443 gold pieces at shops.

Inventory:

Hand Weapons
 O - the +8 spear of Rubbish (weapon) {freeze, rElec rPois}
   (You found it on level 8 of the Dungeon)

   It freezes those it strikes, dealing additional cold damage.
   It can also slow down cold-blooded creatures.
   rElec:     It insulates you from electricity.
   rPois:     It protects you from poison.
 U - the +6 great sword of Haozik {venom, rPois Str+4 Dex+4}
   (You found it on level 11 of the Dungeon)

   It poisons the flesh of those it strikes.
   Str:       It affects your strength (+4).
   Dex:       It affects your dexterity (+4).
   rPois:     It protects you from poison.
 W - the +5 demon whip "Spellbinder" {antimagic, Will+}
   (You found it on level 6 of the Lair of Beasts)

   It reduces the magical energy of the wielder, and disrupts the spells and
   magical abilities of those it strikes.
   Natural abilities and divine invocations are not affected.
   It unleashes wild and unpredictable magical effects upon striking a wizard or
   a creature with magical abilities.
   Will:      It increases your willpower.
Missiles
 c - 6 throwing nets (quivered)
Armour
 k - a +1 helmet (worn)
 y - a +2 buckler (worn)
 E - a +0 pair of boots (worn)
 L - the +2 chain mail of Tulips (worn) {rF- rN+ Str+2}
   (You bought it in a shop on level 7 of the Dungeon)

   Str:       It affects your strength (+2).
   rF:        It makes you vulnerable to fire.
   rN:        It protects you from negative energy.
 V - a +0 cloak of preservation (worn)
Jewellery
 a - a ring of protection from fire
 f - a ring of protection from cold
 g - a ring of magical power
 j - a ring of see invisible
 l - a ring of willpower
 p - a +4 ring of protection (left claw)
 w - an amulet of the acrobat
 x - an amulet of reflection (around neck)
 C - a +4 ring of protection (right claw)
 T - a ring of resist corrosion
 X - a ring of flight
Wands
 b - a wand of iceblast (7)
 m - a wand of acid (21)
 n - a wand of polymorph (7)
 M - a wand of mindburst (12)
 P - a wand of digging (1)
Scrolls
 d - 3 scrolls of magic mapping
 e - 9 scrolls of teleportation
 r - 2 scrolls of brand weapon
 s - 2 scrolls of immolation
 t - 5 scrolls of enchant armour
 v - a scroll of holy word
 G - 2 scrolls of torment
 J - 3 scrolls of identify
 Q - 2 scrolls of enchant weapon
 R - a scroll of silence
Potions
 i - 7 potions of curing
 o - a potion of haste
 z - 3 potions of flight
 A - 2 potions of cancellation
 D - 3 potions of might
 F - 3 potions of attraction
 Y - a potion of ambrosia
 Z - a potion of magic
Miscellaneous
 h - a condenser vane (inert)
 u - a tin of tremorstones (inert)


   Skills:
 * Level 13.1 Fighting
 + Level 0.6 Maces & Flails
 + Level 11.0 Polearms
 + Level 1.8 Throwing
 + Level 9.4 Armour
 + Level 6.1 Dodging
 + Level 3.0 Stealth
 + Level 10.1 Shields
 * Level 15.4 Unarmed Combat
 * Level 11.8 Invocations
 + Level 2.2 Evocations


You had 15 spell levels left.
You didn't know any spells.
Your spell library contained the following spells:

 Spells                   Type           Power      Damage    Failure   Level
 Foxfire                  Conj/Fire      0%         2x1d4     95%         1
 Sandblast                Erth           0%         2d4       95%         1
 Shock                    Conj/Air       0%         1d3       95%         1
 Summon Small Mammal      Summ           0%         N/A       95%         1
 Blink                    Tloc           N/A        N/A       99%         2
 Passwall                 Tmut/Erth      0%         N/A       99%         2
 Call Canine Familiar     Summ           0%         N/A       100%        3
 Conjure Flame            Conj/Fire      0%         6-21      100%        3
 Ignite Poison            Fire/Tmut/Pois 0%         N/A       100%        3
 Inner Flame              Hex/Fire       0%         N/A       100%        3
 Lesser Beckoning         Tloc           0%         N/A       100%        3
 Mephitic Cloud           Conj/Pois/Air  0%         N/A       100%        3
 Portal Projectile        Hex/Tloc       0%         N/A       100%        3
 Summon Guardian Golem    Hex/Summ       0%         N/A       100%        3
 Swiftness                Air            0%         N/A       100%        3
 Airstrike                Air            0%         N/A       100%        4
 Hailstorm                Conj/Ice       0%         3d3       100%        4
 Leda's Liquefaction      Hex/Erth       0%         N/A       100%        4
 Bolt of Magma            Conj/Fire/Erth 0%         4d4       100%        5
 Irradiate                Conj/Tmut      0%         3d14      100%        5
 Lee's Rapid Deconstruct  Erth           0%         3d5*      100%        5
 Manifold Assault         Tloc           0%         N/A       100%        5
 Summon Forest            Summ/Tloc      0%         N/A       100%        5
 Eringya's Noxious Bog    Tmut/Pois      0%         N/A       100%        6
 Simulacrum               Ice/Necr       0%         N/A       100%        6
 Summon Hydra             Summ           0%         N/A       100%        7
 Ice Form                 Ice/Tmut       Unusable   N/A       N/A         4
 Blade Hands              Tmut           Unusable   N/A       N/A         5
 Dragon Form              Tmut           Unusable   N/A       N/A         7

Dungeon Overview and Level Annotations

Branches:
Dungeon (15/15)            Temple (1/1) D:5            Lair (6/6) D:10
  Swamp (2/4) Lair:3       Spider (1/4) Lair:4        Slime (0/5) Lair:5
    Orc (2/2) D:9             Elf (0/3) Orc:2        Depths (0/5) D:15
Volcano (visited)
 Vaults: D:13-14

Altars:
Ashenzari
Cheibriados
Dithmenos
Elyvilon
Fedhas
Gozag
Hepliaklqana
Kikubaaqudgha
Makhleb
Nemelex Xobeh
Qazlal
Ru
Sif Muna
Trog
Uskayaw
Vehumet
Wu Jian
Xom
Yredelemnul
Zin
The Shining One
Beogh
Lugonu

Shops:
D:3 *   D:7 [   D:13 [   Orc:2 =!=!

Portals:
Abyss: Orc:1

Annotations:
D:15 exclusion: orange crystal statue
Lair:6 exclusion: obsidian statue


Innate Abilities, Weirdness & Mutations

You thrive by killing the living.
You are immune to poison.
You have sharp fingernails.
Your flesh is cold resistant. (rC+)
You are immune to negative energy. (rN+++)
You do not regenerate when monsters are visible.
You are immune to unholy pain and torment.


Message History

You hear a deafening roar!
The briar patch crumbles away.
A goliath frog comes into view.
The spriggan rider closely misses you.
The spriggan rider hits you but does no damage.
A swamp drake comes into view.
The thorn hunter gestures.
The thorn hunter fires a volley of thorns at you.
The volley of thorns misses you.
Your unstable footing causes you to fumble your attack.
The spriggan rider hits you from afar with a +0 spear.
You puncture the thorn hunter! You freeze the thorn hunter.
The thorn hunter is heavily damaged.
You block the thorn hunter's attack.
The thorn hunter hits you but does no damage.
The spriggan rider hits you from afar with a +0 spear! x2
* * * LOW HITPOINT WARNING * * *
Your unstable footing causes you to fumble your attack.
The thorn hunter completely misses you. x2
You feel better.
The briar patch crumbles away. x3
You block the spriggan rider's attack. x2; You block the thorn hunter's attack.
The thorn hunter hits you but does no damage.
You feel yourself speed up.
The briar patch crumbles away. x4
The spriggan rider hits you but does no damage.
The swamp drake breathes poison at you. You block the spriggan rider's attack.
You block the thorn hunter's attack. The thorn hunter hits you.
Your unstable footing causes you to fumble your attack.
The briar patch crumbles away.
The spriggan rider is engulfed in noxious fumes.
You block the spriggan rider's attack.
The thorn hunter fires a volley of thorns at you.
The volley of thorns hits you!!
* * * LOW HITPOINT WARNING * * *
The spriggan rider hits you from afar with a +0 spear!
* * * LOW HITPOINT WARNING * * *
The spriggan rider is engulfed in noxious fumes.
The briar patch crumbles away.
The thorn hunter hits you!
You die...
Your body glows with a rainbow of weird colours and disappears.

. ≈≈ ♣ ... .♣.≈
♣♣♣♣♣♣.≈≈.
♣≈≈≈.♣♣.@≈.≈...♣
♣.....°fi°≈...♣
♣...≈≈≈.°i°≈≈≈≈≈
♣♣>§≈≈§.°°°≈≈≈≈.
♣♣.≈≈≈.°°°?≈≈♣.
♣.≈≈≈§.≈.≈≈.k≈≈
♣≈.§.≈≈≈.≈≈..>.
♣.§♣≈≈§PPPP≈P≈P.
♣♣..≈.♣♣PFP≈PP.P


You could see a thorn hunter, 2 spriggan riders and a swamp drake (catching
breath).

Vanquished Creatures
  Nessos (D:15)
  An entropy weaver (Spider:1)
  4 dire elephants
  Josephine (Lair:5)
  Harold (D:10)
  A great orb of eyes (D:15)
  9 hydras
  5 boulder beetles
  2 ogre magi (Orc:2)
  A ghost crab (Swamp:1)
  A catoblepas (D:15)
  3 centaur warriors (D:15)
  5 two-headed ogres
  An alligator (Swamp:1)
  5 death yaks (Lair:4)
  2 tengu warriors (D:15)
  7 orc high priests
  Sonja (D:12)
  A spectral death yak (Lair:6)
  3 skeletal warriors (D:14)
  A spectral anaconda (Lair:6)
  A lindwurm (Lair:6)
  2 bog bodies (Swamp:1)
  A wizard (D:15)
  A deep elf pyromancer (D:15)
  4 orc knights (Orc:2)
  A deep elf zephyrmancer (D:15)
  An orb spider (Spider:1)
  2 necromancers (Lair:6)
  An orc sorcerer (Orc:2)
  6 cyclopes
  4 manticores
  5 ugly things
  A salamander (shapeshifter) (D:15)
  2 will-o-the-wisps
  4 wolf spiders
  An oklob plant (Lair:2)
  31 elephants
  A guardian serpent (shapeshifter) (D:14)
  2 dire elephant zombies (Lair:6)
  8 black mambas
  12 cane toads
  A dire elephant skeleton (Lair:6)
  A yaktaur (D:15)
  A torpor snail (Lair:3)
  2 gargoyles
  An unseen horror (D:11)
  2 efreet (D:14)
  2 kobold demonologists
  4 rime drakes
  A tengu conjurer (D:15)
  6 komodo dragons
  A demonic crawler (Spider:1)
  2 hornets
  5 trolls
  2 jumping spiders (Spider:1)
  2 tyrant leeches (Swamp:1)
  A spectral elephant (Lair:6)
  27 slime creatures
  A raiju (shapeshifter) (D:15)
  19 blink frogs
  A spriggan (shapeshifter) (D:15)
  6 redbacks (Spider:1)
  2 wyverns
  A shadow (D:11)
  A vampire (D:11)
  40 yaks
  3 fire bats (Lair:3)
  4 wraiths
  5 basilisks
  A fire elemental (Volcano)
  7 wargs (Orc:2)
  A spectral cane toad (Lair:6)
  2 acid dragons
  3 swamp worms (Swamp:1)
  9 water moccasins
  A swamp drake (Swamp:1)
  19 orc warriors
  2 black bears
  2 ice beasts
  3 sky beasts
  6 ogres
  8 centaurs
  26 wolves
  2 elephant skeletons (Lair:6)
  18 bullfrogs
  3 scorpions
  A water moccasin zombie (D:5)
  2 wyvern zombies
  An elephant simulacrum (Lair:6)
  A howler monkey (D:9)
  An electric eel (D:10)
  A bullfrog zombie (D:5)
  2 centaur zombies
  8 hounds
  A centaur skeleton (D:7)
  40 orc priests
  A bullfrog skeleton (D:7)
  A gnoll shaman (D:5)
  5 jellies
  Crazy Yiuf (D:2)
  3 iguanas
  Natasha (thrice) (D:2)
  19 orc wizards
  3 killer bee zombies
  A howler monkey zombie (D:11)
  15 gnolls
  5 adders
  A shadow imp (D:7)
  3 adder skeletons (D:4)
  3 worms
  4 dart slugs
  97 orcs
  4 ball pythons
  7 bats
  2 endoplasms (D:3)
  3 giant cockroaches
  8 goblins
  11 hobgoblins
  7 jackals
  A quokka (D:3)
  2 frilled lizards (D:1)
  7 kobolds
  6 rats
  2 lurking horrors (Orc:1)
687 creatures vanquished.

Vanquished Creatures (collateral kills)
  A death yak (Lair:4)
  A necromancer (Lair:6)
  3 oklob plants (Lair:5)
  3 slime creatures (D:15)
  9 elephants
  A komodo dragon (Lair:5)
  2 wraiths (Lair:5)
  A wyvern (Lair:5)
  2 yaks
  An acid dragon (D:11)
  A floating eye (Lair:5)
  A centaur (D:15)
26 creatures vanquished.

Vanquished Creatures (others)
  2 swamp worms
  A boggart (D:15)
  6 foxfires (Swamp:1)
  54 fungi
  70 plants
  28 withered plants (Lair:6)
161 creatures vanquished.

Grand Total: 874 creatures vanquished

Notes
Turn   | Place    | Note
-------+----------+-------------------------------------------
     0 | D:1      | robertstho the Ghoul Gladiator began the quest for the Orb.
     0 | D:1      | Reached XP level 1. HP: 17/17 MP: 0/0
   355 | D:1      | Reached XP level 2. HP: 24/24 MP: 1/1
  1206 | D:2      | Found a shimmering altar of Xom.
  1274 | D:2      | Reached XP level 3. HP: 30/30 MP: 2/2
  1300 | D:2      | Reached skill level 4 in Unarmed Combat
  1604 | D:2      | Noticed Natasha
  1612 | D:2      | Killed Natasha
  1613 | D:2      | Reached XP level 4. HP: 37/37 MP: 3/3
  1629 | D:2      | Reached skill level 5 in Unarmed Combat
  1747 | D:2      | Noticed Natasha
  1750 | D:2      | Killed Natasha
  1783 | D:2      | Noticed Natasha
  1787 | D:2      | Killed Natasha
  1788 | D:2      | Reached XP level 5. HP: 42/42 MP: 4/4
  1809 | D:2      | Found a runed translucent door.
  1810 | D:2      | Noticed Crazy Yiuf
  1858 | D:2      | Killed Crazy Yiuf
  1896 | D:3      | Found Aneler's Assorted Antiques.
  1998 | D:3      | Reached skill level 6 in Unarmed Combat
  2113 | D:3      | Noticed an ice beast
  2126 | D:3      | Killed an ice beast
  2127 | D:3      | Reached skill level 1 in Armour
  2127 | D:3      | Reached XP level 6. HP: 47/51 MP: 5/5
  3417 | D:3      | Bought a notched sapphire ring for 130 gold pieces
  3587 | D:4      | Reached XP level 7. HP: 48/57 MP: 6/6
  3843 | D:4      | Reached skill level 7 in Unarmed Combat
  4270 | D:4      | Found a stormy altar of Qazlal.
  4427 | D:5      | Entered Level 5 of the Dungeon
  4438 | D:5      | Reached skill level 1 in Shields
  4611 | D:5      | Reached skill level 8 in Unarmed Combat
  4611 | D:5      | Reached XP level 8. HP: 63/66 MP: 7/7
  4787 | D:5      | Found a basalt altar of Yredelemnul.
  5013 | D:5      | Reached skill level 9 in Unarmed Combat
  5531 | D:5      | Found a staircase to the Ecumenical Temple.
  5555 | Temple   | Entered the Ecumenical Temple
  5579 | Temple   | Became a worshipper of Nemelex Xobeh the Trickster
  5696 | D:6      | Identified the +6 great mace of Grim Blind Justice {vorpal,
                  | Contam +Rage rCorr}
  5793 | D:6      | Reached skill level 1 in Invocations
  5920 | D:6      | Reached XP level 9. HP: 72/72 MP: 7/9
  5989 | D:6      | Reached skill level 10 in Unarmed Combat
  6191 | D:6      | Found a shimmering altar of Xom.
  6464 | D:7      | Reached * piety under Nemelex Xobeh
  6475 | D:7      | Reached skill level 5 in Fighting
  6621 | D:7      | Found an ancient bone altar of Kikubaaqudgha.
  6621 | D:7      | Found a sacrificial altar of Ru.
  6818 | D:7      | Found Buhon's Antique Armour Emporium.
  6855 | D:7      | Bought a warped chain mail for 266 gold pieces
  6855 | D:7      | Identified the +2 chain mail of Tulips {rF- rN+ Str+2} (You
                  | bought it in a shop on level 7 of the Dungeon)
  6869 | D:7      | Noticed a hornet
  6881 | D:7      | Killed a hornet
  7045 | D:7      | Reached skill level 11 in Unarmed Combat
  7254 | D:8      | Received a gift from Nemelex Xobeh
  7641 | D:8      | Identified the +8 spear of Rubbish {freeze, rElec rPois}
  7785 | D:8      | Found an opulent altar of Gozag.
  7916 | D:9      | Noticed a two-headed ogre
  7930 | D:9      | Killed a two-headed ogre
  7931 | D:9      | Reached skill level 1 in Stealth
  7931 | D:9      | Reached XP level 10. HP: 58/83 MP: 10/12
  7987 | D:9      | Reached skill level 1 in Polearms
  8154 | D:9      | Found a staircase to the Orcish Mines.
  8428 | D:9      | Found a radiant altar of Vehumet.
  8642 | D:9      | Found a shadowy altar of Dithmenos.
  8678 | D:10     | Entered Level 10 of the Dungeon
  8683 | D:10     | Reached skill level 12 in Unarmed Combat
  8806 | D:10     | Noticed a gargoyle
  8815 | D:10     | Killed a gargoyle
  8922 | D:10     | Found a staircase to the Lair.
  8961 | D:10     | Reached skill level 5 in Invocations
  9030 | D:10     | Reached ** piety under Nemelex Xobeh
  9042 | D:10     | Noticed a two-headed ogre
  9057 | D:10     | Killed a two-headed ogre
  9058 | D:10     | Reached skill level 5 in Armour
  9058 | D:10     | Reached XP level 11. HP: 63/92 MP: 12/14
  9190 | D:10     | Noticed Harold
  9211 | D:10     | Killed Harold
  9663 | D:10     | Found a broken altar of Ashenzari.
  9667 | D:10     | Saw a vision of the Swamp and the Spider Nest.
  9667 | D:10     | Noticed an alligator
  9668 | D:10     | Noticed a wolf spider
  9669 | D:10     | Noticed a wolf spider
  9823 | D:11     | Reached skill level 5 in Shields
 10593 | D:11     | Received a gift from Nemelex Xobeh
 10669 | D:11     | Identified the +6 great sword of Haozik {venom, rPois Str+4
                  | Dex+4}
 10817 | D:11     | Noticed a purple ugly thing
 10829 | D:11     | Killed a purple ugly thing
 10933 | D:11     | Noticed a cyclops
 10945 | D:11     | Killed a cyclops
 11135 | D:12     | Noticed a two-headed ogre
 11135 | D:12     | Noticed a boulder beetle
 11170 | Lair:1   | Entered Level 1 of the Lair of Beasts
 11488 | Lair:1   | Reached *** piety under Nemelex Xobeh
 11497 | Lair:1   | Received a gift from Nemelex Xobeh
 11613 | Lair:1   | Reached skill level 5 in Polearms
 11620 | Lair:1   | Noticed an eight-headed hydra
 11632 | Lair:1   | Killed an eight-headed hydra
 11896 | Lair:1   | Reached XP level 12. HP: 80/101 MP: 16/16
 13121 | Lair:2   | Reached skill level 13 in Unarmed Combat
 13370 | Lair:2   | Identified the amulet of Gout {rPois rC- rN+++ Regen+
                  | Int-3}
 13984 | Lair:2   | Reached **** piety under Nemelex Xobeh
 14585 | Lair:3   | Received a gift from Nemelex Xobeh
 14652 | Lair:3   | Noticed a six-headed hydra
 14667 | Lair:3   | Killed a six-headed hydra
 14869 | Lair:3   | Reached XP level 13. HP: 87/111 MP: 18/18
 14881 | Lair:3   | Found a staircase to the Swamp.
 14930 | Lair:3   | Found a dark tunnel.
 14939 | Volcano  | Entered a volcano
 16713 | Lair:4   | Reached skill level 10 in Fighting
 16816 | Lair:4   | Found a hole to the Spider Nest.
 17845 | Lair:5   | Paralysed by a floating eye for 2 turns
 17848 | Lair:5   | Identified the +2 trident of Armageddon {spect, rPois Will+
                  | Dex-2}
 18179 | Lair:5   | Reached skill level 5 in Dodging
 18191 | Lair:5   | Reached XP level 14. HP: 87/122 MP: 20/20
 18228 | Lair:5   | Noticed Josephine
 18272 | Lair:5   | Killed Josephine
 18667 | Lair:5   | You fall into a shaft and drop 1 floor!
 18667 | Lair:6   | Entered Level 6 of the Lair of Beasts
 18831 | Lair:6   | Reached skill level 14 in Unarmed Combat
 19030 | Lair:6   | Received a gift from Nemelex Xobeh
 19703 | Lair:6   | Reached skill level 10 in Invocations
 20066 | Lair:6   | Noticed a dire elephant
 20066 | Lair:6   | Noticed a dire elephant
 20066 | Lair:6   | Noticed a dire elephant
 20157 | Lair:6   | HP: 4/122 [dire elephant skeleton (19)]
 20886 | Lair:6   | Found the +5 demon whip "Spellbinder" {antimagic, Will+}
 21660 | Lair:6   | Killed a dire elephant
 21954 | Lair:5   | Reached skill level 1 in Evocations
 22350 | Lair:5   | Received a gift from Nemelex Xobeh
 22997 | Lair:5   | Found a staircase to the Slime Pits.
 23438 | Lair:6   | Killed a dire elephant
 23604 | Lair:6   | Killed a dire elephant
 24212 | Orc:1    | Entered Level 1 of the Orcish Mines
 24300 | Orc:1    | Found a one-way gate to the infinite horrors of the Abyss.
 24307 | Orc:1    | Found a corrupted altar of Lugonu.
 24567 | Orc:1    | Reached XP level 15. HP: 130/130 MP: 21/21
 24670 | Orc:2    | Entered Level 2 of the Orcish Mines
 24703 | Orc:2    | Received a gift from Nemelex Xobeh
 25506 | Orc:2    | Found Kaclem's Distillery.
 25523 | Orc:2    | Bought a potion of might for 52 gold pieces
 25523 | Orc:2    | Bought a potion of curing for 39 gold pieces
 25523 | Orc:2    | Bought a potion of curing for 39 gold pieces
 25523 | Orc:2    | Bought a potion of invisibility for 104 gold pieces
 25523 | Orc:2    | Bought a potion of curing for 39 gold pieces
 25523 | Orc:2    | Bought a potion of curing for 39 gold pieces
 25523 | Orc:2    | Bought 2 potions of curing for 78 gold pieces
 25523 | Orc:2    | Bought a potion of attraction for 39 gold pieces
 25523 | Orc:2    | Bought a potion of flight for 39 gold pieces
 25523 | Orc:2    | Bought a potion of haste for 130 gold pieces
 25523 | Orc:2    | Bought a potion of heal wounds for 65 gold pieces
 25527 | Orc:2    | Found Zuses's Jewellery Shoppe.
 26469 | Orc:2    | Found Ychaf's Distillery.
 26469 | Orc:2    | Found Jionos's Jewellery Shoppe.
 26483 | Orc:2    | Received a gift from Nemelex Xobeh
 26556 | Orc:2    | Bought a potion of ambrosia for 128 gold pieces
 26556 | Orc:2    | Bought a potion of cancellation for 128 gold pieces
 26556 | Orc:2    | Bought a potion of magic for 128 gold pieces
 26584 | Orc:2    | Found a staircase to the Elven Halls.
 26732 | Orc:2    | Paralysed by an orc sorcerer for 2 turns
 28175 | Spider:1 | Entered Level 1 of the Spider Nest
 28497 | Spider:1 | Reached skill level 10 in Polearms
 28987 | Swamp:1  | Entered Level 1 of the Swamp
 30013 | D:12     | Noticed Sonja
 30017 | D:12     | Killed Sonja
 30263 | D:13     | Received a gift from Nemelex Xobeh
 30918 | D:13     | Found Wuobrazo's Armour Shoppe.
 31290 | D:13     | Reached skill level 15 in Unarmed Combat
 32943 | D:14     | Received a gift from Nemelex Xobeh
 32990 | D:14     | Reached XP level 16. HP: 97/141 MP: 23/23
 33208 | D:14     | Identified the -1 quarterstaff of the Spectre {vorpal,
                  | rF++}
 33692 | D:14     | Reached ***** piety under Nemelex Xobeh
 34312 | D:14     | You fall into a shaft and drop 1 floor!
 34312 | D:15     | Entered Level 15 of the Dungeon
 34382 | D:15     | Paralysed by a great orb of eyes for 3 turns
 34739 | D:15     | Received a gift from Nemelex Xobeh
 34743 | D:15     | Identified the +6 scimitar of Eharefom {holy, Str+4 Int+6
                  | Stlth-}
 35076 | D:15     | Found a staircase to the Depths.
 35160 | D:15     | Noticed Nessos
 35172 | D:15     | Reached skill level 10 in Shields
 35181 | D:15     | Killed Nessos
 35188 | D:15     | HP: 3/141 [something/bolt of magma[an orange crystal
                  | statue] (22)]
 36237 | D:15     | Identified the +1 chain mail of the Rose {-Tele Int+5}
 36727 | Swamp:1  | Received a gift from Nemelex Xobeh
 37837 | Swamp:2  | Noticed a thorn hunter
 37868 | Swamp:2  | Slain by a thorn hunter

Illustrated notes

Levels and vault maps discovered:
D:1:      giann_bridges, layout_basic
D:2:      layout_basic, basic_altar, uniq_natasha, uniq_crazy_yiuf_cottage
D:3:      minmay_bubble_buster, layout_basic, serial_shops, shop_fountains,
          serial_glass, glass_columns_a, glass_columns_b
D:4:      layout_basic, nicolae_qazlal_general_emergency
D:5:      layout_cave_pods, mainiacjoe_overflow_cross_hatched,
          minmay_temple_entry_gardened_gates, kennysheep_generic_room_13
D:6:      layout_basic, mainiacjoe_overflow_six_doors_small
D:7:      layout_basic, amethyst_overflow_temple_binary, minmay_shop_grid_forest
D:8:      layout_cave_pools, pdpol_temple_overflow_zin_treasury_gozag_greed
D:9:      layout_roguey, mainiacjoe_overflow_alcove_1,
          nicolae_overflow_crystal_walls, erik_orc_4
D:10:     layout_roguey, grunt_ashenzari_visionary
          [grunt_ashenzari_visionary_swamp, grunt_ashenzari_visionary_spider],
          erik_lair_island, uniq_harold
D:11:     layout_roguey
D:12:     layout_big_octagon, uniq_sonja
D:13:     layout_irregular_city, serial_shops, nicolae_square_shop
D:14:     layout_basic, grunt_vaults_entry_fortified,
          infiniplex_staircase_door_maze, small_statue_intersection
D:15:     hangedman_depths_entry_try_elsewhere_first, layout_irregular_city,
          minmay_misc_feat_tiny, minivault_16, minmay_pinched_square,
          uniq_nessos
Temple:   minmay_temple_bridge_abc
Lair:1:   layout_roguey, minmay_holes, serial_bayou_lagoon_a
Lair:2:   layout_layer_cave, minmay_lair_oklob_chamber
Lair:3:   layout_chaotic_city, swamp_mist_pool, nicolae_volcano_entry_batcave,
          serial_bayou_shore_b
Lair:4:   layout_big_grid, spider_nest_entry_web_field
Lair:5:   layout_cellular_growth, dpeg_slime_entry_corner, disabler_island,
          grunt_megastairs_3, infiniplex_staircase_pool_2, uniq_josephine
Lair:6:   due_jungle_book, layout_regular_city
Swamp:1:  layout_basic_swamp, evilmike_swamp_ruin_house_6, swamp_pool1,
          infiniplex_staircase_pool
Swamp:2:  layout_falls_marsh, nicolae_swamp_orc_logging_accident
Spider:1: layout_spider_delve
Orc:1:    layout_caves, amcnicky_altar_lugonu_corruption
Orc:2:    st_orc_town, layout_caves, guppyfry_orc_lava_fort

Skill      XL: |  1  2  3  4  5  6  7  8  9 10 11 12 13 14 15 16 |
---------------+-------------------------------------------------+-----
Unarmed Combat | 4 5 6 8 9 11 12 13 14 15 | 15.4
Fighting       | 3 4 5 7 8 9 10 11 12 13 | 13.1
Armour         | 1 2 3 4 5 6 7 8 9 |  9.4
Dodging        | 3 4 5 6 |  6.1
Shields        | 1 2 3 4 5 6 7 8 9 10 | 10.1
Invocations    | 1 4 5 6 8 9 10 11 | 11.8
Stealth        | 1 2 3 |  3.0
Polearms       | 3 5 6 8 9 10 11 | 11.0
Evocations     | 1 2 |  2.2
Maces & Flails | |  0.6
Throwing       | |  1.8

Action                   |  1- 3 |  4- 6 |  7- 9 | 10-12 | 13-15 | 16-18 || total
-------------------------+-------+-------+-------+-------+-------+-------++-------
Melee: Unarmed           |   107 |   174 |   384 |       |       |       ||   665
       Punch             |     1 |       |       |       |       |       ||     1
       Spear             |       |       |    19 |   815 |  2494 |   505 ||  3833
       Demon whip        |       |       |       |       |    12 |       ||    12
Throw: Throwing net      |     1 |       |       |       |       |       ||     1
Invok: Draw Destruction  |       |       |     1 |     5 |     3 |     4 ||    13
       Draw Summoning    |       |       |       |     2 |     3 |     3 ||     8
       Draw Escape       |       |       |       |     1 |     1 |       ||     2
       Triple Draw       |       |       |       |       |     3 |       ||     3
       Deal Four         |       |       |       |       |     5 |     1 ||     6
Evoke: Wand              |       |     1 |       |     4 |    18 |    21 ||    44
       Tin of tremorston |       |       |       |       |     2 |     3 ||     5
       Condenser vane    |       |       |       |       |       |     2 ||     2
  Use: Scroll            |       |       |    10 |     6 |    11 |     6 ||    33
       Potion            |       |       |       |     3 |    14 |     8 ||    25
 Stab: Held in net/web   |       |       |       |       |     3 |       ||     3
       Distracted        |       |       |       |       |     2 |       ||     2
       Invisible         |       |       |       |       |       |     1 ||     1
Armor: Leather armour    |     9 |       |       |       |       |       ||     9
       Chain mail        |    46 |   105 |   209 |   410 |   921 |   240 ||  1931
Dodge: Dodged            |    40 |    66 |   109 |   259 |   536 |   103 ||  1113
Block: Buckler           |     3 |    25 |   217 |   428 |  1134 |   215 ||  2022
       Reflection        |       |       |    11 |     8 |    17 |    27 ||    63
